 Dungeon Crawl Stone Soup version 0.13.0-29-gdb529de (webtiles) character file.

3104 M4edhros the Photosynthesist (level 9, -2/60 HPs)
             Began as an Octopode Artificer on Nov 13, 2013.
             Was a Believer of Fedhas.
             Slain by a killer bee (5 damage)
             ... on Level 7 of the Dungeon.
             The game lasted 00:16:24 (6978 turns).

M4edhros the Photosynthesist (Octopode Artificer)   Turns: 6978, Time: 00:16:24

HP  -2/60        AC  6     Str 10      XL: 9   Next: 86%
MP  30/30        EV 12     Int 17      God: Fedhas [**....]
Gold 63          SH  0     Dex 13      Spells:  0 memorised,  8 levels left

Res.Fire  : + . .   See Invis. : .   x - +4,+2 sabre (protect)
Res.Cold  : x . .   Warding    : .   (no shield)
Life Prot.: . . .   Conserve   : .   (helmet restricted)
Res.Poison: .       Res.Corr.  : .   (no amulet)
Res.Elec. : .       Clarity    : .   h - ring of magical power
Sust.Abil.: . .     Spirit.Shd : .   y - ring of fire
Res.Mut.  : .       Stasis     : .   (no ring)
Res.Rott. : .       Flight     : .   (no ring)
Saprovore : . . .                    (no ring)
                                     (no ring)
                                     (no ring)
                                     (no ring)

@: slightly resistant to hostile enchantments, very stealthy
A: almost no armour, amphibious, 8 rings, constrict 8, camouflage 1, AC +1
a: Evolution, Sunlight, Renounce Religion


You were on level 7 of the Dungeon.
You worshipped Fedhas.
Fedhas was pleased with you.
You were not hungry.

You visited 1 branch of the dungeon, and saw 7 of its levels.

You collected 212 gold pieces.
You spent 169 gold pieces at shops.

Inventory:

Hand weapons
 a - a +0,+0 short sword
 l - a +0,+2 elven short sword of speed
 x - a +4,+2 sabre of protection (weapon)
Missiles
 t - 9 javelins (quivered)
Magical devices
 b - a wand of flame (10)
 c - a wand of enslavement (11)
 d - a wand of random effects (9)
Comestibles
 f - 6 bread rations
 g - 10 grapes
 k - 2 pears
 m - 2 meat rations
 s - 2 apples
Scrolls
 e - 3 scrolls of recharging
 i - a scroll of teleportation
 j - 2 scrolls of identify
 o - 3 scrolls of amnesia
 p - 4 scrolls of remove curse
 q - a scroll of curse armour {unknown}
 w - 2 scrolls of fear
Jewellery
 h - a ring of magical power (left tentacle)
 y - a ring of fire (right tentacle)
Potions
 n - a potion of curing
 r - a potion of speed
 v - a potion of brilliance
 z - a potion of slowing {unknown}
Rods
 u - a +0 rod of destruction (9/9)
   (You found it on level 5 of the Dungeon)


   Skills:
 + Level 6.8 Fighting
 - Level 1.0 Short Blades
 - Level 2.0 Dodging
 - Level 5.9 Stealth
 * Level 9.3 Invocations
 + Level 8.5 Evocations


You had 8 spell levels left.
You didn't know any spells.

Dungeon Overview and Level Annotations

Branches:
Dungeon (7/27)             Temple (0/1) D:7
    Orc: D:6-11

Altars:
Fedhas
Makhleb
Nemelex Xobeh
Sif Muna
Yredelemnul
Zin

Shops:
D:4 ((+?(   D:5 [


Innate Abilities, Weirdness & Mutations

You cannot wear most types of armour.
You are amphibious.
You can wear up to eight rings at the same time.
You can use your tentacles to constrict many enemies at once.
Your skin changes colour to match your surroundings (Stlth).
Your rubbery body absorbs attacks (AC +1).


Message History

The killer bee stings you! The killer bee stings you.
The killer bee stings you!
The killer bee closely misses you. 2 orcs come into view.
The killer bee stings you.
* * * LOW HITPOINT WARNING * * *
The killer bee closely misses you. The killer bee stings you!
* * * LOW HITPOINT WARNING * * *
You are poisoned.
The killer bee poisons you!
Drink which item? (? for menu, Esc to quit)
You feel better. The killer bee barely misses you.
The killer bee completely misses you. The killer bee closely misses you.
The killer bee barely misses you. The killer bee stings you!
* * * LOW HITPOINT WARNING * * *
Unknown command.
Unknown command.
The killer bee stings you.
You die...
Fedhas appreciates your contribution to the ecosystem.

###....#.##..........⌠........###
#....#.##(......)...#.###...).'
#....#.##...........#.# #.#####
#####.##......._...#.# #.#..f.
#.##...........#.# #.#f###
#.##...........#.###+#f### .
#......f....#.......ff#
######f######..........
####@######..########
#..kk.....#..#.......
#..k......#..#.......
........o(......#..#.......
...........#.#.#..#.......
...o........_..#..#.......
....o......#.#.#..#%...=..
.................'.......
.....##########.#.%.....


You could see 3 killer bees, 3 orcs and 2 friendly wandering mushrooms.

Vanquished Creatures
  Grinder (D:5)
  Edmund (D:6)
  A sky beast (D:7)
  A phantom (D:5)
  2 centaurs (D:6)
  An ogre (D:6)
  2 giant frogs
  A goliath beetle (D:6)
  2 crimson imps
  2 hounds
  2 orc priests
  2 orc wizards (D:3)
  An iguana (D:4)
  5 worker ants
  3 gnolls
  9 adders
  4 worms
  A giant eyeball (D:5)
  2 giant geckos (D:3)
  15 orcs
  A giant cockroach (D:3)
  10 hobgoblins
  11 jackals
  3 kobolds
  4 quokkas
  12 bats
  A gnoll skeleton (D:4)
  15 goblins
  11 rats
126 creatures vanquished.

Vanquished Creatures (collateral kills)
  Pikel (D:6)
  The ghost of Numot the Cudgeler, an experienced MiBe of Trog (D:6)
  The ghost of ZombieSheep the Skirmisher, an average DrEn (D:5)
  A hippogriff (D:7)
  The ghost of Zapata the Ducker, an average KoBe of Trog (D:4)
  2 orc warriors (D:6)
  An ice beast (D:5)
  A phantom (D:7)
  3 ogres
  4 killer bees (D:7)
  2 orc priests (D:4)
  An iguana (D:5)
  2 orc wizards
  2 worker ants
  An ogre skeleton (D:7)
  2 adders
  A gnoll (D:6)
  An ooze (D:4)
  10 orcs
  A hobgoblin (D:4)
  A giant newt (D:3)
  A goblin (D:4)
41 creatures vanquished.

Vanquished Creatures (others)
  3 slaves (D:6)
  A giant frog (D:6)
  An orc priest (D:6)
  5 wandering mushrooms
  A giant mite (D:6)
  2 orcs (D:6)
  71 toadstools
84 creatures vanquished.

Grand Total: 251 creatures vanquished

Notes
Turn   | Place    | Note
--------------------------------------------------------------
     0 | D:1      | M4edhros, the Octopode Artificer, began the quest for the Orb.
     0 | D:1      | Reached XP level 1. HP: 14/14 MP: 1/1
   475 | D:1      | Reached XP level 2. HP: 17/19 MP: 3/3
   882 | D:2      | Reached skill level 4 in Stealth
   918 | D:2      | Found a blossoming altar of Fedhas.
   927 | D:2      | Became a worshipper of Fedhas Madash
  1228 | D:2      | Reached XP level 3. HP: 24/24 MP: 4/4
  1715 | D:3      | Reached skill level 5 in Stealth
  1715 | D:3      | Reached XP level 4. HP: 25/29 MP: 6/6
  2172 | D:3      | Reached XP level 5. HP: 27/35 MP: 8/8
  2322 | D:3      | Acquired Fedhas' first power
  2527 | D:3      | Reached skill level 1 in Invocations
  2958 | D:4      | Found Clovvunuor's Antique Weapon Emporium.
  2978 | D:4      | Reached XP level 6. HP: 40/40 MP: 10/10
  3005 | D:4      | Found Waqun's Magic Scroll Shop.
  3049 | D:4      | Bought a scroll of fear for 49 gold pieces
  3049 | D:4      | Bought a scroll of identify for 28 gold pieces
  3189 | D:4      | Noticed Zapata's ghost (average KoBe)
  3209 | D:4      | Killed Zapata's ghost
  3220 | D:4      | Noticed an ogre
  3326 | D:4      | Killed an ogre
  3326 | D:4      | Reached skill level 5 in Evocations
  3336 | D:4      | Reached XP level 7. HP: 18/45 MP: 12/12
  3470 | D:4      | Found Ahoyr's Book Shop.
  3471 | D:4      | Found a deep blue altar of Sif Muna.
  3504 | D:4      | Acquired Fedhas' second power
  3640 | D:4      | Found Plankef's Weapon Shoppe.
  3649 | D:4      | Found Strim Ipn's Antique Weapon Shoppe.
  3659 | D:4      | Bought a runed sabre for 92 gold pieces
  3963 | D:5      | Entered Level 5 of the Dungeon
  3996 | D:5      | Found Varudaha's Armour Shop.
  4017 | D:5      | Noticed ZombieSheep's ghost (average DrEn)
  4036 | D:5      | Killed ZombieSheep's ghost
  4103 | D:5      | Paralysed by a giant eyeball for 3 turns
  4429 | D:5      | Reached skill level 5 in Invocations
  4480 | D:5      | Reached XP level 8. HP: 28/53 MP: 15/15
  4738 | D:6      | Noticed Numot's ghost (experienced MiBe)
  4744 | D:6      | Killed Numot's ghost
  4744 | D:6      | Reached skill level 6 in Invocations
  4986 | D:6      | Noticed Pikel
  4989 | D:6      | Killed Pikel
  4989 | D:6      | Reached skill level 5 in Fighting
  4989 | D:6      | Reached skill level 7 in Invocations
  5151 | D:6      | Reached XP level 9. HP: 40/58 MP: 19/19
  5168 | D:6      | Noticed Edmund
  5185 | D:6      | Killed Edmund
  5213 | D:6      | Noticed Grinder
  5253 | D:6      | Paralysed by Grinder for 3 turns
  5300 | D:5      | Identified a +0 rod of destruction (9/9) (You found it on level 5 of the Dungeon)
  5516 | D:5      | Paralysed by Grinder for 6 turns
  5524 | D:5      | Killed Grinder
  5524 | D:5      | Reached skill level 8 in Invocations
  5662 | D:6      | Found a glowing silver altar of Zin.
  5663 | D:6      | Found a basalt altar of Yredelemnul.
  6271 | D:7      | Found a burning altar of Makhleb.
  6611 | D:7      | Reached skill level 9 in Invocations
  6736 | D:7      | Found a staircase to the Ecumenical Temple.
  6947 | D:7      | Found a sparkling altar of Nemelex Xobeh.
  6977 | D:7      | HP: 3/60 [killer bee (7)]
  6978 | D:7      | Slain by a killer bee

Action                   |  1- 3 |  4- 6 |  7- 9 || total
-------------------------+-------+-------+-------++-------
Melee: Short sword       |    59 |   135 |    14 ||   208
       Sabre             |       |       |   198 ||   198
Throw: Javelin           |       |       |     5 ||     5
Invok: Evolution         |       |     3 |     4 ||     7
       Sunlight          |       |       |    11 ||    11
Evoke: Wand              |       |     1 |    14 ||    15
       Rod               |       |       |     1 ||     1
  Use: Potion            |     3 |     5 |     3 ||    11
       Scroll            |       |     3 |     3 ||     6
 Stab: Sleeping          |       |     6 |    14 ||    20
       Distracted        |       |     1 |       ||     1
